 Dungeon Crawl Stone Soup version 0.30.1-9-gdf580d7c3d (webtiles) character file.

Game seed: 2724329637652056275

35 Zalbag the Magician (level 3, -4/25 HPs)
             Began as a Djinni Hedge Wizard on Oct 25, 2023.
             Killed by nerve-wracking pain
             ... invoked by an orc priest
              (7 damage)
             ... on level 2 of the Dungeon.
             The game lasted 00:04:26 (1135 turns).

Zalbag the Magician (Djinni Hedge Wizard)           Turns: 1135, Time: 00:04:27

Health: -4/25      AC:  2    Str:  9    XL:     3   Next: 55%
Gold:   161        EV: 12    Int: 17    God:
                   SH:  0    Dex: 12

rFire   + + .        a - +0 dagger
rCold   x . .        (no shield)
rNeg    . . .        b - +0 robe
rPois   ∞            c - +0 hat
rElec   .            f - scarf {repulsion}
rCorr   .            (no gloves)
SInv    .            (boots unavailable)
Will    .....        (no amulet)
Stlth   ++           (no ring)
HPRegen 0.24/turn    (no ring)
MPRegen 0.00/turn

%: repel missiles, infuse magic (-5 HP)
@: on blink cooldown, flying, very slightly contaminated
A: sickness immunity, fire resistance 2, cold vulnerability 1, float, innate
caster, HP casting, extra vitality 1
a: no special abilities


You were on level 2 of the Dungeon.
You visited 1 branch of the dungeon, and saw 2 of its levels.

You collected 161 gold pieces.

Inventory:

Hand Weapons
 a - a +0 dagger (weapon)
 h - a +0 sling
Armour
 b - a +0 robe (worn)
 c - a +0 hat (worn)
 f - a scarf of repulsion (worn)
Jewellery
 l - a ring of fire
 n - an amulet of reflection
Scrolls
 e - a scroll of blinking {unknown}
 g - a scroll of enchant armour {unknown}
 j - a scroll of poison {unknown}
 k - a scroll of fog {unknown}
 m - a scroll of identify {unknown}
Potions
 d - a potion of brilliance {unknown}
 i - a potion of flight {unknown}
 o - a potion of heal wounds {unknown}


   Skills:
 + Level 0.5 Short Blades
 - Level 2.1 Dodging
 + Level 1.8 Stealth
 * Level 3.2 Spellcasting


You knew the following spells:

 Your Spells              Type           Power      Damage    Failure   Level
a - Magic Dart            Conj           52%        1d5       4%          1
b - Slow                  Hex            52%        N/A       4%          1
c - Blink                 Tloc           26%        N/A       7%          2
d - Call Imp              Summ           26%        N/A       7%          2
e - Mephitic Cloud        Conj/Pois/Air  13%        N/A       14%         3
f - Kiss of Death         Conj/Necr      52%        2d9       4%          1
Your spell library was empty.

Dungeon Overview and Level Annotations

Branches:
Dungeon (2/15)

Altars:


Innate Abilities, Weirdness & Mutations

You are immune to sickness and miasma.
You are immune to poison.
Your flesh is very heat resistant. (rF++)
You are vulnerable to cold. (rC-)
You float through the air rather than walking.
You learn spells naturally, not from books.
Your magical power is your life essence.
You have superior vitality. (+4 MHP)


Message History

The orc wizard barely misses you.
Unknown command.
You closely miss the orc wizard.
The orc wizard is moderately wounded.
The orc wizard closely misses you.
You bump into the rock wall.
You feel less confused.
The orc wizard hits you but does no damage.
Okay, then.
Casting: Magic Dart (safe; 4% risk of failure)
Confirm with . or Enter, or press ? or * to list all spells.
You blink.
Casting: Blink (safe; 7% risk of failure)
Confirm with . or Enter, or press ? or * to list all spells.
The spell is quite dangerous to miscast (14% risk of failure)!
Continue anyway?
Aiming: Mephitic Cloud (quite dangerous; 14% risk of failure)
Press: ? - help, Shift-Dir - straight line, f/p - orc wizard
Aim: an orc wizard, wielding a +0 dagger and wearing a +0 robe (moderately wounded, chance to affect: 86%)
You miscast Mephitic Cloud.
Nothing appears to happen.
Unknown command.
Casting: Mephitic Cloud (quite dangerous; 14% risk of failure)
Confirm with . or Enter, or press ? or * to list all spells.
The spell is quite dangerous to miscast (14% risk of failure)!
Continue anyway?
Okay, then.
Casting: Mephitic Cloud (quite dangerous; 14% risk of failure)
Confirm with . or Enter, or press ? or * to list all spells.
The spell is quite dangerous to miscast (14% risk of failure)!
Continue anyway?
Aiming: Mephitic Cloud (quite dangerous; 14% risk of failure)
Press: ? - help, Shift-Dir - straight line, p - orc wizard You miscast Mephitic Cloud.
You feel rather nauseous for a moment. You resist.
* * * LOW HITPOINT WARNING * * *
The orc priest mumbles some strange prayers to Beogh against you.
Pain shoots through your body!
* * * LOW HITPOINT WARNING * * *
Unknown command.
The orc priest attacks as you move away!
The orc priest barely misses you.
The orc priest calls down the wrath of Beogh upon you.
Pain shoots through your body!
You die...

#.#.......#
#§#.......#
#.#.......# #+#
#.#.~...~.# #.#
#.#.o.....# #.#
#.##.....# ##.##
#.###o⌠$# # #...####
#..#######..#
.......####..oo.@...#
#...##......o...#####
##.############## #.#
#.# #[# #.# #.# #.#


You could see an orc priest, an orc wizard and 3 orcs.

Vanquished Creatures
  A dart slug (D:1)
  An orc (D:2)
  4 endoplasms (D:1)
  A giant cockroach (D:1)
  2 goblins (D:1)
  6 hobgoblins (D:1)
  4 ball pythons
  4 bats (D:1)
  A frilled lizard (D:1)
  A kobold (D:1)
  2 rats (D:1)
27 creatures vanquished.

Vanquished Creatures (collateral kills)
  An endoplasm (D:1)
  A giant cockroach (D:1)
2 creatures vanquished.

Grand Total: 29 creatures vanquished

Notes
Turn   | Place    | Note
-------+----------+-------------------------------------------
     0 | D:1      | Zalbag the Djinni Hedge Wizard began the quest for the Orb.
     0 | D:1      | Zalbag set off with the following spells memorised: Magic
                  | Dart, Slow, Blink, Call Imp, Mephitic Cloud.
     0 | D:1      | Reached XP level 1. HP: 15/15 MP: 0/0
   154 | D:1      | Reached XP level 2. HP: 11/21 MP: 0/0
   257 | D:1      | Reached skill level 3 in Spellcasting
   425 | D:1      | Reached XP level 3. HP: 25/25 MP: 0/0
   425 | D:1      | Learned a level 1 spell: Kiss of Death
   923 | D:2      | Found a faded altar of an unknown god.
   944 | D:2      | Identified the +0 scale mail of Okawaru's Supremacy {Harm
                  | Rampage +Blink Will-}
  1135 | D:2      | Killed from afar by an orc priest

Illustrated notes

Levels and vault maps discovered:
D:1:      elethiomel_arrival_fortress_basement, layout_basic,
          minmay_parallelograms, minivault_19
D:2:      cheibrodos_pilgrimage, layout_loops_corners,
          nicolae_ecumenical_pavilion, uniq_jessica

Skill      XL: |  1  2 |
---------------+-------+-----
Spellcasting   | 3 |  3.2
Short Blades   | |  0.5
Dodging        | |  2.1
Stealth        | |  1.8

Action                     || total
---------------------------++-------
  Melee: Dagger            ||    37
   Fire: Sling             ||     6
  Throw: Stone             ||     4
   Cast: Magic Dart        ||    43
         Call Imp          ||     2
         Blink             ||     2
         Mephitic Cloud    ||     1
   Stab: Sleeping          ||     1
         Confused          ||     1
 Armour: Robe              ||    17
  Dodge: Dodged            ||    38
         Repelled          ||     2
